 Dungeon Crawl Stone Soup version 0.18.1-1-g2f07953 (webtiles) character file.

19518 GFox the Blocker (level 12, -2/112 HPs)
             Began as a Deep Dwarf Fighter on May 4, 2016.
             Was an Elder of Pakellas.
             Slain by an orc knight
             ... wielding a cursed -3 broad axe
              (36 damage)
             ... on level 2 of the Orcish Mines on May 7, 2016.
             The game lasted 02:36:33 (9610 turns).

GFox the Blocker (Deep Dwarf Fighter)               Turns: 9610, Time: 02:36:36

Health: -2/112     AC: 16    Str: 25    XL:     12   Next: 37%
Magic:  11/20      EV: 14    Int:  9    God:    Pakellas [****..]
Gold:   1274       SH: 16    Dex: 11    Spells: 0 memorised, 11 levels left

rFire  . . .     SeeInvis .     n - +7 Screaming Sword
rCold  + . .     Gourm    .     J - +0 swamp dragon armour
rNeg   . . .     Faith    .     c - +4 shield
rPois  +         Spirit   .     (no helmet)
rElec  .         Dismiss  +     (no cloak)
rCorr  .         Reflect  .     (no gloves)
SustAt .         Harm     .     K - +2 pair of boots
MR     +....     Clarity  +     I - amulet of dismissal
Stlth  ++........               (no ring)
                                A - ring of protection from cold

@: non-regenerating, somewhat resistant to hostile enchantments, unstealthy
A: damage resistance, recharge devices, hooves 1, molten scales 1, rough black
scales 1, thin metallic scales 1, clarity, deformed body, high mp 1, sense
surroundings 2, slow regeneration 3
a: Device Recharging, Quick Charge, Device Surge, Renounce Religion


You were on level 2 of the Orcish Mines.
You worshipped Pakellas.
Pakellas was greatly pleased with you.
You were very hungry.

You visited 3 branches of the dungeon, and saw 14 of its levels.

You collected 1274 gold pieces.

Inventory:

Hand Weapons
 n - the +7 Screaming Sword (weapon)
   (You found it on level 4 of the Dungeon)
 F - the +5 great mace of Reblueru {crush, rElec rC+++ rN+ Str-5}
   (You found it on level 8 of the Dungeon)

   It inflicts extra damage upon your enemies.
   It affects your strength (-5).
   It renders you almost immune to cold.
   It insulates you from electricity.
   It protects you from negative energy.
Armour
 c - a +4 shield (worn)
 J - a +0 swamp dragon armour (worn)
 K - a +2 pair of boots (worn)
Magical Staves
 x - an uncursed staff of power
Jewellery
 A - a ring of protection from cold (left hand)
 I - an amulet of dismissal (around neck)
Wands
 a - a wand of confusion (19/48)
 e - a wand of heal wounds (1/9)
 f - a wand of lightning (0/15)
 m - a wand of confusion (13/48)
 w - a wand of iceblast (0/15)
 y - a wand of iceblast (0/15)
 z - a wand of digging (15/24)
 C - a wand of polymorph (9/24)
 D - a wand of disintegration (0/24)
 G - a wand of teleportation (2/9)
 L - a wand of paralysis (5/24)
Scrolls
 k - a scroll of teleportation
 o - 4 scrolls of magic mapping
 q - 2 scrolls of identify
 u - 9 scrolls of remove curse
 E - a scroll of enchant weapon
 M - 3 scrolls of amnesia
 P - a scroll of fear
Potions
 d - 3 potions of might
 g - a potion of lignification
 i - 5 potions of curing
 j - 2 potions of invisibility
 l - a potion of heal wounds
 p - a potion of flight
 t - a potion of brilliance
Books
 N - a book of Frost

   Spells                             Type                      Level
   a - Freeze                         Ice                          1
   b - Throw Frost                    Conjuration/Ice              2
   c - Ozocubu's Armour               Charms/Ice                   3
   d - Throw Icicle                   Conjuration/Ice              4
   e - Summon Ice Beast               Ice/Summoning                4
 Q - a book of Party Tricks

   Spells                             Type                      Level
   a - Summon Butterflies             Summoning                    1
   b - Apportation                    Translocation                1
   c - Tukima's Dance                 Hexes                        3
   d - Alistair's Intoxication        Transmutation/Poison         5
   e - Invisibility                   Hexes                        6
Miscellaneous
 b - a fan of gales
 H - a phantom mirror
Comestibles
 h - a beef jerky
 r - 4 meat rations
 s - a slice of pizza
 v - 6 bread rations
 B - 9 fruits


   Skills:
 + Level 8.5 Fighting
 + Level 10.0 Long Blades
   Level 4.1 Axes
 + Level 8.6 Armour
 + Level 9.1 Dodging
 + Level 3.1 Stealth
 + Level 10.2 Shields
 + Level 8.2 Evocations


You had 11 spell levels left.
You didn't know any spells.

Dungeon Overview and Level Annotations

Branches:
Dungeon (11/15)            Temple (1/1) D:6            Lair (0/8) D:9
    Orc (2/2) D:11            Elf (0/3) Orc:2

Altars:
Ashenzari
Cheibriados
Dithmenos
Elyvilon
Fedhas
Gozag
Kikubaaqudgha
Makhleb
Nemelex Xobeh
Okawaru
Pakellas
Qazlal
Ru
Sif Muna
Trog
Vehumet
Xom
Yredelemnul
Zin
The Shining One


Innate Abilities, Weirdness & Mutations

You are resistant to damage.
You can recharge devices by infusing magical energy.
You passively map the area around you.
You do not regenerate naturally.
You have large cloven feet.
You are partially covered in molten scales (AC +1).
You are partially covered in rough black scales (AC +4, Dex -1).
You are partially covered in thin metallic scales (AC +2).
You possess an exceptional clarity of mind.
Armour fits poorly on your strangely shaped body.
You have an increased reservoir of magic (+10% MP).


Message History

You block the orc warlord's attack. You block the orc wizard's attack.
The orc warrior closely misses you.
You slash the orc knight!
The orc knight is almost dead.
The orc knight hits you but does no damage.
The orc warlord hits you with a broad axe of pain!!
* * * LOW HITPOINT WARNING * * *
You writhe in agony.
The orc wizard points at you and mumbles some strange words.
You resist with almost no effort. The orc warrior completely misses you.
An orc comes into view. It is wielding a short sword.
Zapping:
e - a wand of heal wounds (2/9)
Press: ? - help, Shift-Dir - straight line, f - you You feel much better.
This wand has 1 charge left.
The Screaming Sword suddenly bursts into murderous laughter!
The monsters around you reel from the noise!
You hear a shout!
You hear a howl!
You hear a shout! x5
The orc knight hits you with an enchanted broad axe!!!
You die...
Pakellas says: That's one more possible approach eliminated.

#............................##
#.............................#
#............................##
#.............................#
#.............................#
#.............................#
#.............................#
#..............oo.............#
#...............@oo...........#
#..##############oo...........#
#..#, , , ##o...........# #..#,
, , ,..,##)..........# #..#,* ,
, ....##.)........# #..#, , ,
.....#o)........# #..#* *
#....'.o........# #..# , **
#.To.ho..........# #..# ,
.....h#..........#


You could see an orc warlord, an orc knight, 2 orc warriors, 2 orc wizards and 3
orcs.

Vanquished Creatures
  2 orc warlords (Orc:2)
  A spark wasp (D:11)
  An orc high priest (Orc:1)
  Nergalle (D:11)
  An unseen horror (D:10)
  3 hill giants
  An orc knight (Orc:2)
  2 orc sorcerers (Orc:2)
  An ugly thing (D:11)
  A gargoyle (D:10)
  A redback zombie (D:11)
  5 trolls
  A wraith (D:10)
  A spriggan (D:7)
  8 yaks (D:9)
  2 wyverns (D:8)
  2 hungry ghosts
  4 wargs
  A hippogriff (D:8)
  A mottled dragon (D:11)
  2 water moccasins (D:9)
  Duvessa (D:5)
  2 black bears (D:10)
  6 sky beasts
  17 orc warriors
  An ice beast (D:6)
  3 phantoms
  4 ogres
  A big kobold (D:11)
  8 centaurs
  Blork the orc (D:5)
  7 giant frogs
  Dowan (D:5)
  6 scorpions
  A water moccasin skeleton (D:5)
  2 troll zombies (D:11)
  3 jellies
  5 killer bees (D:7)
  6 howler monkeys
  7 crimson imps
  2 giant frog zombies
  A centaur zombie (D:6)
  3 hounds
  10 orc wizards
  4 orc priests
  2 centaur skeletons
  A gnoll shaman (D:5)
  6 iguanas
  7 worker ants
  4 ogre zombies (D:11)
  A hound zombie (D:11)
  14 gnolls
  13 adders
  3 river rats (D:9)
  2 shadow imps
  An ooze (D:2)
  3 worms (D:2)
  2 dart slugs (D:1)
  4 giant geckos
  37 orcs
  2 giant cockroaches
  5 goblins
  4 hobgoblins
  12 jackals
  3 quokkas
  2 ball pythons
  18 bats
  3 giant newts
  2 goblin skeletons (D:11)
  A goblin zombie (D:11)
  3 hobgoblin zombies (D:11)
  13 kobolds
  An orc skeleton (D:11)
  12 orc zombies (D:11)
  18 rats
  3 fungi (D:4)
  A plant (Temple)
347 creatures vanquished.

Vanquished Creatures (others)
  A sky beast (D:6)
  An orc priest (D:6)
  An adder skeleton (D:5)
  2 orcs (D:6)
  5 fungi (D:9)
  A plant (D:9)
  5 toadstools (D:1)
16 creatures vanquished.

Grand Total: 363 creatures vanquished

Notes
Turn   | Place    | Note
--------------------------------------------------------------
     0 | D:1      | GFox the Deep Dwarf Fighter began the quest for the Orb.
     0 | D:1      | Reached XP level 1. HP: 20/20 MP: 1/1
   477 | D:1      | Reached XP level 2. HP: 27/27 MP: 2/2
   905 | D:2      | Reached skill level 1 in Dodging
  1088 | D:2      | Reached XP level 3. HP: 29/33 MP: 3/3
  1239 | D:2      | Found a faded altar to an unknown god.
  1834 | D:3      | Reached XP level 4. HP: 27/42 MP: 4/4
  2567 | D:4      | Reached XP level 5. HP: 35/49 MP: 5/5
  2683 | D:4      | Reached XP level 6. HP: 23/56 MP: 6/6
  3135 | D:5      | Entered Level 5 of the Dungeon
  3147 | D:5      | Noticed Duvessa
  3148 | D:5      | Noticed Dowan
  3158 | D:5      | Killed Dowan
  3158 | D:5      | Reached skill level 5 in Shields
  3159 | D:5      | Killed Duvessa
  3159 | D:5      | Reached skill level 5 in Armour
  3161 | D:5      | Reached XP level 7. HP: 30/63 MP: 7/7
  3220 | D:5      | Noticed Blork the orc
  3225 | D:5      | Killed Blork the orc
  3244 | D:5      | Reached skill level 1 in Long Blades
  3365 | D:5      | Reached XP level 8. HP: 28/72 MP: 8/8
  3385 | D:5      | HP: 3/73 [iguana (8)]
  3442 | D:5      | Upgraded the game from 0.18-b1-22-ge198996 to 0.18.1-1-g2f07953
  3503 | D:5      | Found a radiant altar of Vehumet.
  3709 | D:6      | Reached skill level 1 in Stealth
  3718 | D:6      | Reached skill level 1 in Evocations
  3963 | D:6      | Reached skill level 5 in Fighting
  3976 | D:6      | Found a staircase to the Ecumenical Temple.
  3985 | Temple   | Entered the Ecumenical Temple
  4091 | Temple   | Became a worshipper of Pakellas the Inventive
  4547 | D:6      | Gained mutation: Your muscles are strong. (Str +2) [mutagenic meat]
  4548 | D:6      | Gained mutation: You are dopey. (Int -2) [mutagenic meat]
  4549 | D:6      | Lost mutation: Your muscles are strong. (Str +2) [mutagenic meat]
  4550 | D:6      | Lost mutation: You are dopey. (Int -2) [mutagenic meat]
  4551 | D:6      | Gained mutation: You are dopey. (Int -2) [mutagenic meat]
  4552 | D:6      | Gained mutation: You are partially covered in molten scales (AC +1). [mutagenic meat]
  4640 | D:6      | Gained mutation: You passively map the area around you. [Deep Dwarf growth]
  4640 | D:6      | Reached XP level 9. HP: 40/81 MP: 10/10
  4807 | D:7      | Reached skill level 5 in Long Blades
  4902 | D:7      | Reached skill level 5 in Dodging
  5023 | D:7      | Reached * piety under Pakellas
  5023 | D:7      | Received a gift from Pakellas
  5103 | D:7      | Found a sparkling altar of Nemelex Xobeh.
  5615 | D:8      | Got a polished great mace
  5616 | D:8      | Identified the +5 great mace of Reblueru {crush, rElec rC+++ rN+ Str-5} (You found it on level 8 of the Dungeon)
  5819 | D:8      | Found a sparkling altar of Nemelex Xobeh.
  6140 | D:9      | Reached XP level 10. HP: 63/91 MP: 6/12
  6228 | D:9      | Reached ** piety under Pakellas
  6228 | D:9      | Received a gift from Pakellas
  6428 | D:9      | Gained mutation: You have an increased reservoir of magic (+10% MP). [mutagenic meat]
  6429 | D:9      | Gained mutation: You possess an exceptional clarity of mind. [mutagenic meat]
  6430 | D:9      | Lost mutation: You are dopey. (Int -2) [mutagenic meat]
  6431 | D:9      | Gained mutation: You have sharp toenails. [mutagenic meat]
  6466 | D:9      | Found a staircase to the Lair.
  6642 | D:9      | Reached *** piety under Pakellas
  6642 | D:9      | Received a gift from Pakellas
  6894 | D:10     | Entered Level 10 of the Dungeon
  6908 | D:10     | Noticed a gargoyle
  6923 | D:10     | Killed a gargoyle
  6937 | D:10     | Gained mutation: You occasionally shout uncontrollably at your foes. [potion of mutation]
  6937 | D:10     | Gained mutation: Armour fits poorly on your strangely shaped body. [potion of mutation]
  7279 | D:10     | Noticed a hill giant
  7321 | D:10     | Killed a hill giant
  7367 | D:10     | Gained mutation: Your flesh is cold resistant. [potion of mutation]
  7367 | D:10     | Gained mutation: You are partially covered in rough black scales (AC +4, Dex -1). [potion of mutation]
  7511 | D:10     | Killed an unseen horror
  7511 | D:10     | Reached XP level 11. HP: 55/100 MP: 8/15
  7781 | D:11     | Reached **** piety under Pakellas
  7781 | D:11     | Received a gift from Pakellas
  7801 | D:11     | Found a staircase to the Orcish Mines.
  7864 | D:11     | Noticed a cyan ugly thing
  8065 | D:11     | Reached skill level 5 in Evocations
  8084 | D:11     | Killed a cyan ugly thing
  8128 | D:11     | Noticed Nergalle
  8129 | D:11     | Lost mutation: Your flesh is cold resistant. [potion of cure mutation]
  8129 | D:11     | Lost mutation: You occasionally shout uncontrollably at your foes. [potion of cure mutation]
  8129 | D:11     | Lost mutation: You have sharp toenails. [potion of cure mutation]
  8138 | D:11     | Killed Nergalle
  8145 | D:11     | Noticed a hill giant
  8151 | D:11     | Killed a hill giant
  8186 | D:11     | Noticed a hill giant
  8195 | D:11     | Killed a hill giant
  8244 | D:11     | Gained mutation: You are frail (-10% HP). [potion of mutation]
  8244 | D:11     | Gained mutation: You are partially covered in thin metallic scales (AC +2). [potion of mutation]
  8271 | D:11     | Lost mutation: You are frail (-10% HP). [mutagenic meat]
  8273 | D:11     | Gained mutation: You have large cloven feet. [mutagenic meat]
  8392 | D:11     | Noticed a six-headed hydra
  8419 | D:11     | Noticed a spark wasp
  8419 | D:11     | a six-headed hydra changed into a spark wasp
  8423 | D:11     | Killed a spark wasp
  8522 | D:11     | Noticed a five-headed hydra
  8737 | Orc:1    | Entered Level 1 of the Orcish Mines
  8805 | Orc:1    | Noticed an orc high priest
  8822 | Orc:1    | Noticed a sun demon
  8833 | Orc:1    | Killed an orc high priest
  9031 | Orc:2    | Entered Level 2 of the Orcish Mines
  9108 | Orc:2    | Found a staircase to the Elven Halls.
  9308 | Orc:2    | Noticed an ettin
  9544 | Orc:2    | Noticed an orc knight
  9555 | Orc:2    | Noticed an orc warlord
  9562 | Orc:2    | Killed an orc knight
  9562 | Orc:2    | Reached XP level 12. HP: 19/111 MP: 0/19
  9572 | Orc:2    | Noticed an orc warlord
  9573 | Orc:2    | Noticed an orc warlord
  9582 | Orc:2    | Killed an orc warlord
  9582 | Orc:2    | Reached skill level 10 in Shields
  9602 | Orc:2    | Killed an orc warlord
  9604 | Orc:2    | Reached skill level 10 in Long Blades
  9610 | Orc:2    | Slain by an orc knight

Skill      XL: |  1  2  3  4  5  6  7  8  9 10 11 12 |
---------------+-------------------------------------+-----
Dodging        | 1 2 3 4 6 7 8 9 |  9.1
Armour         | 4 5 6 7 8 |  8.6
Fighting       | 3 4 5 6 7 8 |  8.5
Axes           | 3 4 |  4.1
Shields        | 4 5 6 7 9 10 | 10.2
Long Blades    | 2 4 6 8 9 10 | 10.0
Stealth        | 1 2 3 |  3.1
Evocations     | 1 2 4 7 8 |  8.2

Action                   |  1- 3 |  4- 6 |  7- 9 | 10-12 || total
-------------------------+-------+-------+-------+-------++-------
Melee: War axe           |   107 |   102 |       |       ||   209
       Double sword      |       |    20 |   286 |   506 ||   812
       Kick              |       |       |       |    37 ||    37
Invok: Quick Charge      |       |       |     4 |    22 ||    26
       Device Surge      |       |       |       |     6 ||     6
Evoke: Wand              |     1 |     2 |    11 |    69 ||    83
  Use: Scroll            |       |    11 |    10 |     5 ||    26
       Potion            |       |     7 |     2 |    10 ||    19
 Stab: Distracted        |       |       |       |     1 ||     1
       Paralysed         |       |       |       |     1 ||     1
  Eat: Chunk             |     3 |       |    18 |    18 ||    39
       Bread ration      |       |     1 |       |       ||     1
       Royal jelly       |       |       |     1 |     1 ||     2
       Beef jerky        |       |       |       |     2 ||     2
       Fruit             |       |       |       |     1 ||     1
Armor: Scale mail        |    54 |    50 |    88 |    47 ||   239
       Swamp dragon armo |       |       |       |    77 ||    77
Dodge: Dodged            |    46 |    39 |   106 |   201 ||   392
Block: Shield            |    68 |    87 |   224 |   391 ||   770
